 Dungeon Crawl Stone Soup version 0.22-a0-571-g4a923d4 (webtiles) character file.

516174 toffzen the Ruinous (level 24, -8/154 HPs)
             Began as a Deep Elf Fire Elementalist on June 18, 2018.
             Was the Champion of Sif Muna.
             Mangled by an azure jelly (11 damage)
             ... while paralysed by a floating eye
             ... on level 5 of the Pits of Slime on July 1, 2018.
             The game lasted 06:45:09 (103197 turns).

toffzen the Ruinous (Deep Elf Fire Elementalist)  Turns: 103197, Time: 06:45:10

Health: -8/154     AC: 10    Str:  5    XL:     24   Next: 49%
Magic:  19/63      EV:  2    Int: 33    God:    Sif Muna [******]
Gold:   2503       SH:  0    Dex: 15    Spells: 3/62 levels left

rFire    . . .     SeeInvis .   a - staff of power
rCold    . . .     Gourm    .   Q - +2 buckler {reflect}
rNeg     . . .     Faith    .   m - +2 leather armour {rPois}
rPois    +         Spirit   .   (helmet restricted)
rElec    .         Reflect  +   C - +0 cloak
rCorr    +         Harm     .   R - +1 pair of gloves
MR       ++...     Rnd*Tele +   N - +2 pair of boots
Stlth    ++........             v - amulet of regeneration
HPRegen  0.00/turn              q - ring of wizardry
MPRegen  0.38/turn              o - ring of resist corrosion

@: paralysed, divine energy
A: beak, deformed body, poison resistance, inhibited regeneration, teleportitis
1, no potion heal 1
}: 2/15 runes: decaying, serpentine
a: Stop Divine Energy, Channel Magic, Forget Spell, Renounce Religion


You were on level 5 of the Pits of Slime.
You worshipped Sif Muna.
Sif Muna was exalted by your worship.
You were not hungry.

You visited 10 branches of the dungeon, and saw 48 of its levels.

You collected 4259 gold pieces.
You spent 1756 gold pieces at shops.

Inventory:

Missiles
 d - 3 throwing nets
 f - 1292 stones (quivered)
Armour
 j - a +1 helmet
 m - a +2 leather armour of poison resistance (worn)
 C - a +0 cloak (worn)
 N - a +2 pair of boots (worn)
 Q - a +2 buckler of reflection (worn)
 R - a +1 pair of gloves (worn)
Magical Staves
 a - an uncursed staff of power (weapon)
 b - an uncursed staff of wizardry
Jewellery
 h - an uncursed ring of protection from fire
 i - an uncursed ring of see invisible
 o - a ring of resist corrosion (right hand)
 q - a ring of wizardry (left hand)
 v - an amulet of regeneration (around neck)
 w - an uncursed ring of protection from magic
 V - a +5 ring of intelligence
 Y - an uncursed ring of protection from cold
Wands
 n - a wand of acid (22)
 u - a wand of disintegration (19)
 K - a wand of iceblast (8)
 S - a wand of digging (29)
Scrolls
 g - 8 scrolls of amnesia
 k - 2 scrolls of summoning
 p - 5 scrolls of magic mapping
 s - a scroll of teleportation
 y - 6 scrolls of enchant armour
 A - 5 scrolls of immolation
 G - 11 scrolls of remove curse
 I - 2 scrolls of brand weapon
 P - 7 scrolls of identify
 T - a scroll of vulnerability
 U - 7 scrolls of fog
 W - 2 scrolls of holy word
 X - 2 scrolls of silence
Potions
 e - 10 potions of curing
 l - 6 potions of resistance
 r - a potion of cancellation
 t - 4 potions of might
 x - a potion of berserk rage
 z - 5 potions of flight
 D - 4 potions of mutation
 E - 3 potions of invisibility
 F - 4 potions of ambrosia
 J - 4 potions of brilliance
 Z - 9 potions of agility
Miscellaneous
 B - a phial of floods
 H - a phantom mirror
 L - a box of beasts


   Skills:
 + Level 16.4 Fighting
 - Level 4.0 Armour
 + Level 19.7 Dodging
 - Level 2.4 Stealth
 - Level 4.0 Shields
 - Level 19.6 Spellcasting
 + Level 23.6 Conjurations
 - Level 3.0 Hexes
 - Level 7.2 Summonings
   Level 2.5 Necromancy
   Level 2.3 Transmutations
 - Level 22.3 Fire Magic


You had 3 spell levels left.
You knew the following spells:

 Your Spells              Type           Power        Failure   Level  Hunger
a - Flame Tongue          Conj/Fire      #####        0%          1    None
b - Throw Flame           Conj/Fire      ######       0%          2    None
c - Conjure Flame         Conj/Fire      ########     0%          3    None
d - Fireball              Conj/Fire      ########..   0%          5    None
e - Poison Arrow          Conj/Pois      #######...   1%          6    None
f - Sting                 Conj/Pois      ####         0%          1    None
g - Throw Icicle          Conj/Ice       #######.     1%          4    None
h - Orb of Destruction    Conj           ########..   1%          7    ##.....
i - Summon Mana Viper     Hex/Summ       ######..     2%          5    None
j - Summon Lightning Spi  Summ/Air       ######..     1%          4    None
k - Fire Storm            Conj/Fire      ########..   5%          9    ######.
l - Bolt of Fire          Conj/Fire      ########..   0%          6    None
m - Shadow Creatures      Summ           N/A          5%          6    None

Your spell library contained the following spells:

 Spells                   Type           Power        Failure   Level  Hunger
 Cause Fear               Hex            ######....   1%          4    None
 Magic Dart               Conj           ####         0%          1    None
 Apportation              Tloc           ####..       1%          1    None
 Bolt of Cold             Conj/Ice       #######...   1%          6    None
 Lightning Bolt           Conj/Air       #######...   1%          5    None
 Bolt of Magma            Conj/Fire/Erth #######...   1%          5    None
 Slow                     Hex            ######..     1%          2    None
 Confuse                  Hex            ######..     1%          3    None
 Invisibility             Hex            ######..     28%         6    None
 Throw Frost              Conj/Ice       ######       0%          2    None
 Controlled Blink         Tloc           N/A          100%        8    #####..
 Freezing Cloud           Conj/Ice/Air   ######....   4%          6    None
 Mephitic Cloud           Conj/Pois/Air  ######..     1%          3    None
 Ring of Flames           Chrm/Fire      #######...   6%          7    ##.....
 Venom Bolt               Conj/Pois      #######...   1%          5    None
 Olgreb's Toxic Radiance  Pois           ####....     7%          4    None
 Teleport Other           Tloc           ####....     1%          3    None
 Summon Small Mammal      Summ           ####         1%          1    None
 Bolt of Draining         Conj/Necr      #######...   1%          5    None
 Lehudib's Crystal Spear  Conj/Erth      #######...   32%         8    #####..
 Blink                    Tloc           N/A          1%          2    None
 Iskenderun's Mystic Bla  Conj           ########     0%          4    None
 Animate Skeleton         Necr           N/A          1%          1    None
 Ozocubu's Refrigeration  Ice            ####......   67%         6    None
 Sticky Flame             Conj/Fire      ########     0%          4    None
 Summon Ice Beast         Ice/Summ       ######..     1%          4    None
 Call Imp                 Summ           ######..     1%          2    None
 Regeneration             Chrm/Necr      #####.....   1%          3    None
 Sublimation of Blood     Necr           #####.....   1%          2    None
 Tukima's Dance           Hex            ######..     1%          3    None
 Summon Demon             Summ           ######....   1%          5    None
 Summon Greater Demon     Summ           ######....   26%         7    ##.....
 Corpse Rot               Necr           N/A          1%          2    None
 Stone Arrow              Conj/Erth      ######       1%          3    None
 Shock                    Conj/Air       ####         0%          1    None
 Swiftness                Chrm/Air       ####....     1%          2    None
 Recall                   Summ/Tloc      N/A          1%          3    None
 Spider Form              Tmut/Pois      #####.....   1%          3    None
 Blade Hands              Tmut           #####.....   8%          5    None
 Ice Form                 Ice/Tmut       #####...     4%          4    None
 Dragon Form              Tmut           #####.....   89%         7    ##.....
 Necromutation            Tmut/Necr      #####.....   100%        8    #####..
 Deflect Missiles         Chrm/Air       ####......   67%         6    None
 Glaciate                 Conj/Ice       #######...   99%         9    ######.
 Confusing Touch          Hex            ######       1%          1    None
 Ignite Poison            Fire/Tmut/Pois ######..     1%          3    None
 Call Canine Familiar     Summ           ######..     1%          3    None
 Ensorcelled Hibernation  Hex/Ice        #####.       1%          2    None
 Metabolic Englaciation   Hex/Ice        #####.....   10%         5    None
 Summon Butterflies       Summ           ######..     1%          1    None
 Silence                  Hex/Air        #####.....   10%         5    None
 Dispersal                Tloc           ####......   67%         6    None
 Static Discharge         Conj/Air       #######.     1%          3    None
 Corona                   Hex            ######.      1%          1    None
 Alistair's Intoxication  Tmut/Pois      #####...     12%         5    None
 Simulacrum               Ice/Necr       #####.....   50%         6    None
 Conjure Ball Lightning   Conj/Air       #######...   1%          6    None
 Chain Lightning          Conj/Air       #######...   32%         8    #####..
 Portal Projectile        Hex/Tloc       #####.       1%          3    None
 Monstrous Menagerie      Summ           ######....   26%         7    ##.....
 Petrify                  Tmut/Erth      #####...     4%          4    None
 Passage of Golubria      Tloc           N/A          7%          4    None
 Malign Gateway           Summ/Tloc      ######....   75%         7    ##.....
 Leda's Liquefaction      Hex/Erth       #####.....   3%          4    None
 Summon Hydra             Summ           ######....   26%         7    ##.....
 Darkness                 Hex            ######....   28%         6    None
 Shroud of Golubria       Chrm/Tloc      ####......   1%          2    None
 Inner Flame              Hex/Fire       #######.     1%          3    None
 Aura of Abjuration       Summ           ######....   1%          5    None
 Beastly Appendage        Tmut           #####.       1%          1    None
 Iskenderun's Battlesphe  Conj/Chrm      #######.     1%          5    None
 Fulminant Prism          Conj/Hex       #######...   1%          4    None
 Dazzling Spray           Conj/Hex       ######       0%          3    None
 Force Lance              Conj/Tloc      #######.     1%          4    None
 Infusion                 Chrm           ####         1%          1    None
 Song of Slaying          Chrm           ####....     1%          2    None
 Spectral Weapon          Hex/Chrm       #####...     1%          3    None
 Searing Ray              Conj           ######       0%          2    None
 Summon Forest            Summ/Tloc      ######....   4%          5    None
 Summon Guardian Golem    Hex/Summ       ######..     1%          3    None
 Dragon's Call            Summ           ######....   100%        9    ######.
 Spellforged Servitor     Conj/Summ      #######...   1%          7    ##.....
 Hydra Form               Tmut           #####.....   36%         6    None
 Irradiate                Conj/Tmut      #######...   1%          5    None
 Gell's Gravitas          Tloc           ####......   1%          3    None
 Yara's Violent Unravell  Hex/Tmut       ######....   6%          5    None
 Lesser Beckoning         Tloc           ####......   1%          3    None
 Poisonous Vapours        Pois/Air       ####..       1%          2    None
 Ignition                 Fire           ########..   1%          8    #####..


Dungeon Overview and Level Annotations

Branches:
Dungeon (15/15)            Temple (1/1) D:6            Lair (6/6) D:10
  Swamp (4/4) Lair:2        Snake (4/4) Lair:3        Slime (5/5) Lair:6
    Orc (2/2) D:12            Elf (2/3) Orc:2        Vaults (4/5) D:13
  Crypt (0/3) Vaults:2     Depths (5/5) D:15            Zot (0/5) Depths:5

Altars:
Ashenzari
Cheibriados
Dithmenos
Elyvilon
Fedhas
Gozag
Hepliaklqana
Kikubaaqudgha
Makhleb
Nemelex Xobeh
Okawaru
Qazlal
Ru
Sif Muna
Trog
Uskayaw
Vehumet
Wu Jian
Xom
Yredelemnul
Zin
The Shining One
Beogh
Jiyva

Shops:
D:13 [   D:14 *   Orc:2 (::(   Snake:1 (?[   Vaults:2 *   Vaults:3 *
Depths:2 ?=?[   Depths:3 =}=   Depths:5 ?

Portals:
Hell: Depths:1 Depths:2 Depths:3 Depths:4 Depths:5
Abyss: Depths:4
Pandemonium: Depths:2 Depths:3
Ziggurat: Depths:4

Annotations:
D:6 3 runed doors, Toevvela's ghost, novice MfHu
D:7 exclusion: statue
D:8 2 transporters, Jaskook's ghost, novice TrWz
D:14 exclusion: 2 downstairs
Swamp:1 exclusion: Roxanne, Roxanne
Elf:2 3 runed doors, Riumokk's ghost, journeyman DsFi
Vaults:4 8 runed doors, Qagip's ghost, veteran GrEE
Depths:4 exclusion: downstairs


Innate Abilities, Weirdness & Mutations

You have a beak for a mouth.
Armour fits poorly on your strangely shaped body.
Your system is resistant to poisons. (rPois)
You do not regenerate when monsters are visible.
You are occasionally teleported next to monsters.
Potions are less effective at restoring your health.


Message History

* * * LOW HITPOINT WARNING * * *
An acid blob comes into view.
The floating eye seems to glare at you.
A slime creature comes into view.
The azure jelly hits you.
* * * LOW HITPOINT WARNING * * *
The azure jelly freezes you!!
* * * LOW HITPOINT WARNING * * *
The azure jelly hits you but does no damage.
The azure jelly hits you.
* * * LOW HITPOINT WARNING * * *
The azure jelly hits you!
* * * LOW HITPOINT WARNING * * *
The acid blob jiggles.
A slime creature comes into view.
The floating eye gazes piercingly through you!
You shrug off the repeated paralysis!
The azure jelly hits you but does no damage. x2
The azure jelly hits you!
You die...

#.#...# .......
###.......
#.........
#.........
##.........
#..v.......
#..@.......
#...JG....J..
.§.............
.§§.....J.J..G.
..§§...J.......
........J.....J
.......J.......
.......JJv....#


You could see 3 acid blobs, an azure jelly, a great orb of eyes, 5 slime
creatures, a death ooze, a floating eye and 2 friendly fire vortices.

Vanquished Creatures
  Mennas (Vaults:2)
  2 juggernauts (Depths:4)
  Boris (Depths:3)
  Frederick (Depths:5)
  the Lernaean hydra (Swamp:4)
  4 caustic shrikes (Depths:4)
  2 golden dragons (Depths:5)
  Nikola (Snake:2)
  A tentacled monstrosity (Depths:4)
  4 liches
  Asterion (Snake:4)
  A deep elf blademaster (Elf:2)
  2 quicksilver dragons
  12 acid blobs
  4 sphinxes
  A thorn hunter (Swamp:1)
  4 tengu reavers
  Donald (Swamp:1)
  Agnes (D:15)
  A storm dragon (Vaults:4)
  A shadow dragon (Depths:4)
  6 nagarajas
  Kirke (Snake:1)
  10 azure jellies
  A revenant (Depths:3)
  10 fire giants
  7 frost giants
  A draconian knight (Depths:5)
  8 vault wardens
  A balrug (Depths:1)
  2 iron dragons (Depths:4)
  A draconian shifter (Depths:5)
  Aizul (Depths:2)
  An orc warlord (D:12)
  2 juggernaut skeletons (Depths:3)
  26 very ugly things
  5 ironheart preservers
  13 stone giants
  A deep elf demonologist (Depths:4)
  2 green draconians (Depths:5)
  5 vampire knights
  A deep elf annihilator (Depths:4)
  2 red draconians (Depths:5)
  2 purple draconians (Depths:5)
  2 deep elf death magi
  2 pale draconians (Depths:5)
  10 ettins
  17 fire dragons
  A crystal guardian (Vaults:4)
  5 jiangshi (Depths:3)
  9 great orbs of eyes
  A death ooze (Slime:1)
  Fannar (D:11)
  A deep elf high priest (Depths:4)
  10 yaktaur captains
  8 ice dragons
  33 hydras
  2 vault guards (D:13)
  14 naga warriors
  2 spriggan air magi
  A catoblepas (shapeshifter) (Vaults:4)
  4 rakshasas
  3 ghost crabs
  A catoblepas (Lair:6)
  10 centaur warriors
  20 dancing weapons
  Erica (Lair:1)
  6 tengu warriors
  4 alligators
  8 death yaks
  14 ogre magi
  14 anacondas
  10 deep troll shamans
  4 death knights
  14 naga sharpshooters
  41 two-headed ogres
  11 deep troll earth magi
  2 vampire magi
  A titan zombie (Depths:3)
  3 spriggan berserkers
  A soul eater (Depths:3)
  8 orc high priests
  17 hell knights (Depths:4)
  9 shock serpents
  6 skeletal warriors
  2 sun demons (Depths:1)
  21 deep elf knights
  2 shadow wraiths
  2 storm dragon zombies (Depths:3)
  Nergalle (Lair:1)
  A sixfirhy (Depths:2)
  A fire crab (shapeshifter) (Vaults:4)
  5 salamander mystics (Snake:4)
  A spark wasp zombie (Depths:3)
  3 iron trolls
  2 spriggan druids
  2 shambling mangroves
  29 deep trolls
  5 lindwurms
  4 unseen horrors
  A gelid demonspawn (Depths:3)
  A glowing orange brain (Depths:2)
  7 flayed ghosts
  A shadow dragon zombie (Depths:3)
  A shadow demon (Depths:3)
  A sphinx zombie (Depths:3)
  3 wizards
  10 naga ritualists
  13 swamp dragons
  A phantasmal warrior (Vaults:4)
  11 deep elf archers
  10 orc knights
  5 necromancers
  A harpy (shapeshifter) (Depths:1)
  12 ironbrand convokers
  2 fire giant zombies (Depths:3)
  13 mana vipers
  4 harpies (Vaults:1)
  6 wolf spiders
  48 ugly things
  2 orc sorcerers
  A tengu skeleton (Depths:3)
  A sphinx skeleton (Depths:3)
  2 shining eyes (shapeshifter)
  57 deep elf magi
  5 manticores
  10 shining eyes
  2 centaur zombies
  5 cyclopes
  8 salamanders
  2 salamanders (shapeshifter) (Depths:3)
  6 elephants
  8 guardian serpents
  A rust devil (Depths:3)
  A black mamba (shapeshifter) (Depths:4)
  2 eyes of devastation
  An orange demon (Depths:3)
  41 black mambas
  A frost giant skeleton (Depths:3)
  A smoke demon (Depths:2)
  2 gargoyles
  18 naga magi
  10 vault sentinels
  21 spiny frogs
  4 centaur skeletons
  37 yaktaurs
  A yaktaur (shapeshifter) (Vaults:2)
  A yaktaur zombie (Vaults:4)
  A tormentor (Depths:2)
  A kobold demonologist (D:13)
  2 ice devils (Lair:1)
  12 komodo dragons
  10 freezing wraiths
  2 efreet
  2 hellwings
  9 tengu conjurers
  A komodo dragon (shapeshifter) (Depths:1)
  9 polar bears
  8 trolls
  A yaktaur skeleton (Vaults:4)
  A sphinx simulacrum (Vaults:3)
  15 hornets
  A raiju (shapeshifter) (Depths:2)
  11 blink frogs
  A dream sheep (shapeshifter) (Depths:3)
  102 slime creatures
  An elf zombie (Depths:3)
  14 tyrant leeches
  11 hippogriffs
  5 raiju (Lair:6)
  13 bog bodies
  20 dream sheep
  A stone giant simulacrum (Vaults:1)
  A hippogriff (shapeshifter) (Depths:4)
  A spriggan zombie (Depths:3)
  4 flying skulls (Depths:3)
  A redback (shapeshifter) (Depths:2)
  12 water elementals
  5 wraiths
  9 spriggans
  An air elemental (Elf:1)
  2 shadows
  3 vampires
  6 wyverns
  A fire elemental (Elf:1)
  3 hogs
  17 yaks
  Eustachio (D:5)
  A golden eye (shapeshifter) (Vaults:4)
  7 golden eyes (Slime:3)
  A chaos spawn (Depths:2)
  21 humans (D:13)
  4 steam dragons
  2 basilisks
  Grum (D:10)
  28 vampire mosquitoes
  An elf skeleton (Depths:3)
  12 wargs
  4 human simulacra
  39 nagas
  Menkaure (D:7)
  Edmund (D:5)
  13 swamp worms
  16 insubstantial wisps
  3 acid dragons
  15 water moccasins
  12 hell hounds (Lair:6)
  15 swamp drakes
  A floating eye (Depths:4)
  6 porcupines
  2 sky beasts
  23 orc warriors
  12 black bears
  2 necrophages
  6 eyes of draining
  7 ice beasts
  31 ogres
  35 wolves
  A boggart (shapeshifter) (Vaults:1)
  17 centaurs
  9 boggarts
  A crocodile (shapeshifter) (Vaults:4)
  18 crocodiles
  9 bullfrogs
  2 big kobolds
  2 wyvern skeletons
  5 jellies
  15 killer bees
  5 electric eels
  2 vampire bats (D:4)
  8 wights (D:12)
  A howler monkey (D:7)
  9 crimson imps
  A quasit (Depths:3)
  A bullfrog zombie (D:12)
  28 orc priests
  An iron imp (Depths:3)
  9 hounds
  21 orc wizards
  5 bullfrog skeletons
  10 iguanas
  Jessica (D:2)
  10 worker ants
  3 hound skeletons
  A howler monkey zombie (D:7)
  9 adders
  3 shadow imps
  2 white imps (Depths:3)
  2 ufetubi
  An ooze (D:1)
  An adder skeleton (D:5)
  6 worms
  2 dart slugs (D:1)
  113 orcs
  11 bats
  A bat zombie (D:2)
  8 giant cockroaches
  8 hobgoblins
  9 jackals
  6 quokkas
  A ball python (D:7)
  13 frilled lizards
  A giant cockroach zombie (D:6)
  3 goblins
  A jackal zombie (D:6)
  15 kobolds
  A leopard gecko skeleton (D:5)
  10 rats
  A bush (Lair:6)
  3 fungi (Lair:6)
  3 plants
2042 creatures vanquished.

Vanquished Creatures (collateral kills)
  A caustic shrike (Depths:4)
  An acid blob (Slime:1)
  A fire dragon (Vaults:4)
  A rakshasa (Depths:2)
  3 naga warriors (Snake:4)
  An anaconda (Snake:4)
  A naga sharpshooter (Snake:4)
  2 orc high priests (Orc:2)
  2 salamander mystics (Snake:4)
  A salamander (Snake:4)
  A black mamba (Snake:4)
  A naga mage (Snake:4)
  A slime creature (Slime:3)
  2 nagas (Snake:4)
  4 orc priests (Orc:2)
  2 orcs (Orc:2)
25 creatures vanquished.

Vanquished Creatures (others)
  A vampire knight (Depths:3)
  A merfolk javelineer (Depths:1)
  3 centaur warriors
  A deep elf archer (Elf:2)
  An ice beast (D:14)
  77 fire vortices
  26 fungi
  31 plants
141 creatures vanquished.

Grand Total: 2208 creatures vanquished

Notes
Turn   | Place    | Note
-------+----------+-------------------------------------------
     0 | D:1      | toffzen the Deep Elf Fire Elementalist began the quest for the Orb.
     0 | D:1      | Reached XP level 1. HP: 10/10 MP: 6/6
   214 | D:1      | Reached XP level 2. HP: 15/15 MP: 5/8
   244 | D:1      | Learned a level 2 spell: Throw Flame
   270 | D:1      | Reached skill level 2 in Conjurations
   991 | D:1      | Reached XP level 3. HP: 19/19 MP: 7/10
  1077 | D:1      | Learned a level 3 spell: Conjure Flame
  1283 | D:2      | Noticed Jessica
  1291 | D:2      | Killed Jessica
  1291 | D:2      | Reached skill level 3 in Conjurations
  1569 | D:2      | Reached XP level 4. HP: 24/24 MP: 6/11
  1779 | D:2      | Found a snail-covered altar of Cheibriados.
  2241 | D:2      | Found an ancient bone altar of Kikubaaqudgha.
  3229 | D:4      | Reached skill level 4 in Conjurations
  3229 | D:4      | Reached XP level 5. HP: 28/28 MP: 8/13
  3590 | D:4      | Found the +4 Vampire's Tooth {vamp}
  3699 | D:4      | Noticed an ogre
  3702 | D:4      | Killed an ogre
  3702 | D:4      | Reached skill level 5 in Spellcasting
  3702 | D:4      | Reached skill level 5 in Conjurations
  3702 | D:4      | Reached XP level 6. HP: 32/32 MP: 12/15
  4066 | D:4      | Reached skill level 5 in Fire Magic
  4216 | D:5      | Entered Level 5 of the Dungeon
  4250 | D:5      | Learned a level 4 spell: Sticky Flame
  4256 | D:5      | Learned a level 5 spell: Fireball
  4359 | D:5      | Noticed Eustachio
  4448 | D:5      | Reached XP level 7. HP: 31/36 MP: 9/17
  4476 | D:5      | Noticed Edmund
  4492 | D:5      | Killed Edmund
  4492 | D:5      | Reached skill level 6 in Conjurations
  5101 | D:5      | Killed Eustachio
  5101 | D:5      | Reached skill level 7 in Conjurations
  5494 | D:5      | Reached XP level 8. HP: 40/41 MP: 12/20
  6267 | D:6      | Found a runed gate.
  6269 | D:6      | Noticed Toevvela's ghost (novice MfHu)
  6367 | D:6      | Reached skill level 8 in Conjurations
  6688 | D:6      | Found a runed gate.
  6688 | D:6      | Found a runed gate.
  6701 | D:6      | Found a staircase to the Ecumenical Temple.
  6712 | Temple   | Entered the Ecumenical Temple
  7085 | D:6      | Found a hide-covered altar of Uskayaw.
  7296 | D:6      | Found a basalt altar of Yredelemnul.
  7296 | D:6      | Found a deep blue altar of Sif Muna.
  7303 | D:6      | Became a worshipper of Sif Muna the Loreminder
  7912 | D:7      | Found an opulent altar of Gozag.
  7976 | D:7      | Found a radiant altar of Vehumet.
  7977 | D:7      | Noticed Menkaure
  7978 | D:7      | Killed Menkaure
  7978 | D:7      | Reached skill level 9 in Conjurations
  8785 | D:8      | Found a transporter.
  8811 | D:8      | Reached XP level 9. HP: 45/45 MP: 23/23
  8901 | D:8      | Reached * piety under Sif Muna
  8901 | D:8      | Reached skill level 1 in Fighting
  9072 | D:8      | Learned a level 1 spell: Sting
  9181 | D:8      | Found a flagged portal.
  9530 | D:8      | Noticed a two-headed ogre
  9539 | D:8      | Killed a two-headed ogre
  9944 | D:8      | Found a transporter.
  9947 | D:8      | Noticed Jaskook's ghost (novice TrWz)
 10417 | D:9      | Noticed a two-headed ogre
 10421 | D:9      | Killed a two-headed ogre
 10421 | D:9      | Reached skill level 5 in Dodging
 10421 | D:9      | Reached skill level 10 in Conjurations
 10421 | D:9      | Reached XP level 10. HP: 56/56 MP: 17/25
 10840 | D:10     | Entered Level 10 of the Dungeon
 11129 | D:10     | Reached ** piety under Sif Muna
 11827 | D:10     | Reached skill level 5 in Fighting
 11947 | D:10     | Reached skill level 10 in Spellcasting
 12124 | D:10     | Noticed Grum
 12128 | D:10     | Killed Grum
 12370 | D:10     | Found a staircase to the Lair.
 12594 | Lair:1   | Entered Level 1 of the Lair of Beasts
 12600 | Lair:1   | Noticed a spiny frog
 12603 | Lair:1   | Killed a spiny frog
 12752 | Lair:1   | Reached XP level 11. HP: 64/64 MP: 5/27
 13013 | Lair:1   | Reached *** piety under Sif Muna
 13204 | Lair:1   | Noticed Erica
 13208 | Lair:1   | Killed Erica
 13473 | Lair:1   | Noticed a seven-headed hydra
 13479 | Lair:1   | Killed a seven-headed hydra
 13479 | Lair:1   | Reached skill level 11 in Conjurations
 13858 | Lair:1   | Noticed Nergalle
 14074 | Lair:1   | Killed Nergalle
 14642 | Lair:2   | Reached **** piety under Sif Muna
 14645 | Lair:2   | Reached skill level 10 in Fire Magic
 15116 | Lair:2   | Found a staircase to the Swamp.
 15185 | Lair:2   | Noticed a five-headed hydra
 15190 | Lair:2   | Killed a five-headed hydra
 15190 | Lair:2   | Reached XP level 12. HP: 73/73 MP: 19/29
 15526 | Lair:3   | Found a staircase to the Snake Pit.
 15700 | Lair:3   | Noticed a five-headed hydra
 15995 | Lair:3   | Killed a five-headed hydra
 16108 | Lair:3   | Noticed a death yak
 16109 | Lair:3   | Noticed a death yak
 16111 | Lair:3   | Noticed a death yak
 16113 | Lair:3   | Killed a death yak
 16113 | Lair:3   | Noticed a death yak
 16115 | Lair:3   | Noticed a death yak
 16118 | Lair:3   | Killed a death yak
 16625 | Lair:3   | Noticed a four-headed hydra
 16630 | Lair:3   | Killed a four-headed hydra
 16859 | Lair:3   | Killed a death yak
 17075 | Lair:2   | Killed a death yak
 17205 | Lair:3   | Killed a death yak
 17635 | Lair:4   | Reached skill level 12 in Conjurations
 18209 | Lair:4   | Got a fine chain mail
 18637 | Lair:5   | Reached ***** piety under Sif Muna
 18752 | Lair:5   | Noticed a five-headed hydra
 18756 | Lair:5   | Killed a five-headed hydra
 19303 | Lair:5   | Reached XP level 13. HP: 80/80 MP: 23/31
 19884 | Lair:6   | Entered Level 6 of the Lair of Beasts
 19889 | Lair:6   | Reached skill level 10 in Dodging
 20128 | Lair:6   | Identified Sif Muna's Grimoire of Attacks (Sif Muna gifted it to you on level 6 of the Lair of Beasts)
 20128 | Lair:6   | Received a gift from Sif Muna
 20218 | Lair:5   | Learned a level 4 spell: Throw Icicle
 21187 | Lair:6   | Reached skill level 10 in Fighting
 22949 | Lair:6   | Found a staircase to the Slime Pits.
 22950 | Lair:6   | Found a viscous altar of Jiyva.
 22987 | Lair:6   | Upgraded the game from 0.22-a0-512-g0943f25 to 0.22-a0-525-gf69a080
 23009 | Lair:6   | Got an ichor-stained flail
 23574 | Lair:6   | Reached skill level 13 in Conjurations
 23696 | Lair:6   | Reached XP level 14. HP: 88/88 MP: 23/33
 24131 | Lair:6   | Got a shimmering hunting sling
 24369 | Lair:6   | Identified Zaybryid's Grimoire of Curses (Sif Muna gifted it to you on level 6 of the Lair of Beasts)
 24369 | Lair:6   | Received a gift from Sif Muna
 24703 | Lair:6   | Identified the +2 flail of Golal {holy, rPois Int+3} (You found it on level 6 of the Lair of Beasts)
 24704 | Lair:6   | Identified the +5 hunting sling of Okawaru's Wrath {velocity, rPois rN+ MR+} (You found it on level 6 of the Lair of Beasts)
 26009 | D:11     | Noticed Fannar
 26182 | D:11     | Killed Fannar
 26380 | D:11     | Identified the +5 chain mail "Aseiheko" {Str+6 Stlth+} (You found it on level 4 of the Lair of Beasts)
 28221 | D:12     | Found a staircase to the Orcish Mines.
 30354 | D:12     | Found a runed gate.
 30354 | D:12     | Found a runed gate.
 30354 | D:12     | Found a runed gate.
 30368 | D:12     | Found the ring of Phasing {EV+8}
 30368 | D:12     | Noticed a frost giant
 30417 | D:12     | Identified Sif Muna's Incunabulum of Conjuration (Sif Muna gifted it to you on level 12 of the Dungeon)
 30417 | D:12     | Received a gift from Sif Muna
 30590 | D:12     | Learned a level 7 spell: Orb of Destruction
 30601 | D:12     | Noticed an orc warlord
 31096 | D:12     | Found a runed gate.
 31096 | D:12     | Found a runed gate.
 31096 | D:12     | Found a runed gate.
 31210 | D:13     | Found Fetal's Antique Armour Boutique.
 31608 | D:13     | Reached XP level 15. HP: 96/96 MP: 35/35
 32923 | D:13     | Found a gate to the Vaults.
 32963 | D:13     | Learned a level 5 spell: Summon Mana Viper
 32998 | D:13     | Reached skill level 1 in Summonings
 33672 | D:13     | Reached skill level 1 in Hexes
 33927 | D:14     | Reached skill level 1 in Shields
 34064 | D:14     | Found Xoelatic's Assorted Antiques.
 35122 | D:15     | Entered Level 15 of the Dungeon
 35721 | D:15     | Reached skill level 5 in Summonings
 36315 | D:15     | Found a staircase to the Depths.
 36729 | D:15     | Received a gift from Sif Muna
 36985 | D:15     | Reached skill level 15 in Spellcasting
 36985 | D:15     | Reached skill level 14 in Conjurations
 38166 | D:15     | Noticed Agnes
 38464 | D:15     | Killed Agnes
 39563 | Orc:1    | Entered Level 1 of the Orcish Mines
 39567 | Orc:1    | Reached XP level 16. HP: 103/103 MP: 32/37
 40213 | Orc:2    | Entered Level 2 of the Orcish Mines
 41355 | Orc:2    | Found a staircase to the Elven Halls.
 41558 | Orc:2    | Found a roughly hewn altar of Beogh.
 41959 | Orc:2    | Found Xaxzaqext's Book Emporium.
 41959 | Orc:2    | Found Oxuxkiab's Antique Weapon Shop.
 41972 | Orc:2    | Learned a level 4 spell: Summon Lightning Spire
 42264 | Orc:2    | Found Dyothrop's Weapon Emporium.
 42264 | Orc:2    | Found Fabeiklu's Book Shop.
 42472 | Orc:2    | Upgraded the game from 0.22-a0-525-gf69a080 to 0.22-a0-542-gce4f928
 42828 | Snake:1  | Entered Level 1 of the Snake Pit
 43106 | Snake:1  | Found Qalup's Weapon Emporium.
 43106 | Snake:1  | Found Hastrukiw's Magic Scroll Shoppe.
 43109 | Snake:1  | Found Sisaic's Antique Armour Emporium.
 43230 | Snake:1  | Noticed Kirke
 43235 | Snake:1  | Killed Kirke
 43344 | Snake:1  | Identified Dispater's Guide on Confrontation (Sif Muna gifted it to you on level 1 of the Snake Pit)
 43344 | Snake:1  | Received a gift from Sif Muna
 43358 | Snake:1  | Learned a level 5 spell: Bolt of Magma
 44263 | Snake:2  | Reached skill level 1 in Armour
 45783 | Snake:2  | Noticed Nikola
 46153 | Snake:2  | Killed Nikola
 46340 | Snake:2  | Reached skill level 15 in Conjurations
 46804 | Snake:2  | Learned a level 6 spell: Bolt of Fire
 48065 | Snake:3  | Identified Mowk's Tome of Creative Attacks (Sif Muna gifted it to you on level 3 of the Snake Pit)
 48065 | Snake:3  | Received a gift from Sif Muna
 48347 | Snake:3  | Reached XP level 17. HP: 98/108 MP: 18/39
 50347 | Snake:4  | Entered Level 4 of the Snake Pit
 51819 | Snake:4  | Noticed Asterion
 52310 | Snake:4  | Killed Asterion
 52310 | Snake:4  | Identified Sif Muna's Disquisition on Combat Magic (Sif Muna gifted it to you on level 4 of the Snake Pit)
 52310 | Snake:4  | Received a gift from Sif Muna
 52310 | Snake:4  | Reached skill level 16 in Conjurations
 54020 | Snake:4  | Reached skill level 15 in Fire Magic
 54815 | Snake:4  | Reached XP level 18. HP: 97/113 MP: 42/42
 54862 | Snake:4  | Received a gift from Sif Muna
 55494 | Snake:4  | Got a serpentine rune of Zot
 55813 | Swamp:1  | Entered Level 1 of the Swamp
 56169 | Swamp:1  | Got a slimy falchion
 56184 | Swamp:1  | Learned a level 9 spell: Fire Storm
 56524 | Swamp:1  | Noticed Roxanne
 56533 | Swamp:1  | Noticed Donald
 57159 | Swamp:1  | Killed Donald
 58689 | Swamp:2  | Identified a scroll of acquirement
 60352 | Swamp:4  | Entered Level 4 of the Swamp
 60357 | Swamp:4  | Reached skill level 17 in Conjurations
 61201 | Swamp:4  | Received a gift from Sif Muna
 61852 | Swamp:4  | Noticed the 27-headed Lernaean hydra
 61855 | Swamp:4  | Killed the 27-headed Lernaean hydra
 62359 | Swamp:4  | Got a smoking chain mail
 62366 | Swamp:4  | Identified the +3 chain mail of Forking Paths {Regen+ Dex+4 Stlth+} (You found it on level 4 of the Swamp)
 62583 | Swamp:4  | Reached skill level 15 in Dodging
 62763 | Swamp:4  | Got a decaying rune of Zot
 63129 | Vaults:1 | Entered Level 1 of the Vaults
 63319 | D:13     | Reached XP level 19. HP: 92/120 MP: 32/44
 64750 | Vaults:1 | Identified Sif Muna's Almanac of Cloudy Companions (Sif Muna gifted it to you on level 1 of the Vaults)
 64750 | Vaults:1 | Received a gift from Sif Muna
 66077 | Vaults:1 | Paralysed by an ogre mage for 3 turns
 66882 | Vaults:2 | Noticed Mennas
 67498 | Vaults:2 | Found a staircase to the Crypt.
 67539 | Vaults:2 | Found Oxeqor's Assorted Antiques.
 67853 | Vaults:2 | Bought a sheer robe for 267 gold pieces
 67853 | Vaults:2 | Bought a fizzy silvery potion for 42 gold pieces
 67857 | Vaults:2 | Identified the cursed +0 robe of Nemelex Xobeh's Esteem {rF+ rN+ Slay-5 Stlth+} (You bought it in a shop on level 2 of the Vaults)
 68592 | Vaults:2 | Killed Mennas
 68592 | Vaults:2 | Reached skill level 18 in Conjurations
 70018 | Vaults:3 | Upgraded the game from 0.22-a0-542-gce4f928 to 0.22-a0-565-gfc6459a
 70152 | Vaults:3 | Reached XP level 20. HP: 114/127 MP: 38/45
 70331 | Vaults:3 | You fall through a shaft!
 70346 | Vaults:4 | Identified Mel Irax's Almanac of the Peculiar Suns (Sif Muna gifted it to you on level 4 of the Vaults)
 70346 | Vaults:4 | Received a gift from Sif Muna
 70364 | Vaults:3 | Found Bipyttoog's General Store.
 73518 | Vaults:4 | Upgraded the game from 0.22-a0-565-gfc6459a to 0.22-a0-567-gff9aefc
 74903 | Vaults:4 | Found a large runed door.
 74903 | Vaults:4 | Found a large runed door.
 74904 | Vaults:4 | Found a large runed door.
 74905 | Vaults:4 | Found a large runed door.
 74908 | Vaults:4 | Found a large runed door.
 74908 | Vaults:4 | Found a large runed door.
 74908 | Vaults:4 | Found a large runed door.
 74908 | Vaults:4 | Noticed Qagip's ghost (veteran GrEE)
 75792 | Vaults:4 | Learned a level 8 spell: Necromutation
 76349 | Vaults:4 | Reached skill level 1 in Necromancy
 76349 | Vaults:4 | Reached skill level 1 in Transmutations
 76739 | Vaults:4 | Found a large runed door.
 77327 | Elf:1    | Entered Level 1 of the Elven Halls
 77855 | Elf:1    | Identified Sif Muna's Incunabulum of Mutagenic Venom (Sif Muna gifted it to you on level 1 of the Elven Halls)
 77855 | Elf:1    | Received a gift from Sif Muna
 77859 | Elf:1    | Reached skill level 19 in Conjurations
 78126 | Elf:1    | Learned a level 6 spell: Poison Arrow
 78174 | Elf:1    | Reached skill level 15 in Fighting
 78483 | Elf:1    | Reached XP level 21. HP: 134/134 MP: 46/46
 79704 | Elf:2    | Found a runed gate.
 79704 | Elf:2    | Found a runed gate.
 79706 | Elf:2    | Found a runed gate.
 79789 | Elf:2    | Found a runed gate.
 79790 | Elf:2    | Found a runed gate.
 79791 | Elf:2    | Found a runed gate.
 79798 | Elf:2    | Noticed Riumokk's ghost (journeyman DsFi)
 81166 | Depths:1 | Entered Level 1 of the Depths
 82374 | D:15     | Identified Sif Muna's Disquisition on the Entourage and Arcane Weapons (Sif Muna gifted it to you on level 15 of the Dungeon)
 82374 | D:15     | Received a gift from Sif Muna
 82425 | D:15     | Learned a level 6 spell: Shadow Creatures
 83198 | Depths:1 | Found a burning altar of Makhleb.
 84032 | Depths:1 | Found a gateway to Hell.
 84037 | Depths:1 | Identified the Collected Works on the Birds and Enchantment
 84823 | Depths:2 | Found Heetitt's Jewellery Shop.
 84969 | Depths:2 | Found Icucvezani's Antique Armour Boutique.
 84969 | Depths:2 | Found Funkog's Magic Scroll Shop.
 84972 | Depths:2 | Found Icvefe's Magic Scroll Boutique.
 84991 | Depths:2 | Bought a pair of embroidered gloves for 322 gold pieces
 85080 | Depths:2 | Bought an uncursed ring of wizardry for 360 gold pieces
 85155 | Depths:2 | Noticed Aizul
 85166 | Depths:2 | Killed Aizul
 85928 | Depths:2 | Identified Ystoire's Catalogue of Confrontation (Sif Muna gifted it to you on level 2 of the Depths)
 85928 | Depths:2 | Received a gift from Sif Muna
 86143 | Depths:2 | Reached XP level 22. HP: 138/141 MP: 38/47
 86504 | Depths:2 | Reached skill level 20 in Conjurations
 86957 | Depths:2 | Found a snail-covered altar of Cheibriados.
 87247 | Depths:2 | Found a one-way gate leading to the halls of Pandemonium.
 89791 | Depths:3 | Found Deadgh's Jewellery Shop.
 89814 | Depths:3 | Found Geasell Icif's Gadget Emporium.
 89815 | Depths:3 | Found Qihor Seuv's Jewellery Shop.
 89825 | Depths:3 | Bought an uncursed amulet of regeneration for 360 gold pieces
 89900 | Depths:3 | Noticed Boris
 89928 | Depths:3 | Upgraded the game from 0.22-a0-567-gff9aefc to 0.22-a0-570-g58866f5
 89962 | Depths:3 | Killed Boris
 90669 | Depths:3 | Identified Tiepemo's Disquisition on Enchantment and Transformation (Sif Muna gifted it to you on level 3 of the Depths)
 90669 | Depths:3 | Received a gift from Sif Muna
 91680 | Depths:4 | Found a one-way gate to the infinite horrors of the Abyss.
 91709 | Depths:4 | Reached skill level 21 in Conjurations
 92119 | Depths:4 | Upgraded the game from 0.22-a0-570-g58866f5 to 0.22-a0-571-g4a923d4
 92125 | Depths:4 | Found a gateway to a ziggurat.
 94033 | Depths:4 | Identified Biewuem's Disquisition on Scorching Weightlessness (Sif Muna gifted it to you on level 4 of the Depths)
 94033 | Depths:4 | Received a gift from Sif Muna
 94287 | Depths:4 | Lost strength.
 94348 | Depths:4 | Reached XP level 23. HP: 146/146 MP: 48/48
 95126 | Depths:4 | Noticed a juggernaut
 95407 | Depths:4 | Killed a juggernaut
 95412 | Depths:4 | Noticed a caustic shrike
 95415 | Depths:4 | Noticed a caustic shrike
 95415 | Depths:4 | Killed a caustic shrike
 95415 | Depths:4 | Reached skill level 22 in Conjurations
 95627 | Depths:4 | Noticed a caustic shrike
 95631 | Depths:4 | Killed a caustic shrike
 95791 | Depths:4 | Noticed a caustic shrike
 95910 | Depths:4 | Noticed a caustic shrike
 95912 | Depths:4 | Killed a caustic shrike
 95916 | Depths:4 | Killed a caustic shrike
 95916 | Depths:4 | Reached ****** piety under Sif Muna
 96095 | Depths:4 | Identified Sif Muna's Volume of Malediction (Sif Muna gifted it to you on level 4 of the Depths)
 96095 | Depths:4 | Received a gift from Sif Muna
 96269 | Depths:4 | Killed a caustic shrike
 96389 | Depths:4 | Noticed a juggernaut
 96396 | Depths:4 | Killed a juggernaut
 97080 | Depths:5 | Entered Level 5 of the Depths
 97562 | Depths:5 | Noticed Frederick
 97567 | Depths:5 | Killed Frederick
 98838 | Depths:5 | Found Ubon's Magic Scroll Shoppe.
 98846 | Depths:5 | Bought a scroll of enchant armour for 135 gold pieces
 98846 | Depths:5 | Bought a scroll of enchant armour for 135 gold pieces
 98846 | Depths:5 | Bought a scroll of blinking for 135 gold pieces
 98960 | Depths:5 | Identified Sif Muna's Tome of Dislocated Earth (Sif Muna gifted it to you on level 5 of the Depths)
 98960 | Depths:5 | Received a gift from Sif Muna
 98960 | Depths:5 | Reached skill level 23 in Conjurations
 99668 | Depths:5 | Found a gate to the Realm of Zot.
100046 | Slime:1  | Entered Level 1 of the Pits of Slime
100053 | Slime:1  | Reached XP level 24. HP: 117/152 MP: 18/48
100243 | Lair:6   | Gained mutation: You are frail. (-10% HP) [a shining eye]
100862 | Slime:1  | Paralysed by a great orb of eyes for 2 turns
101675 | Slime:2  | Gained mutation: You have a beak for a mouth. [a shining eye]
101679 | Slime:2  | Lost mutation: You are frail. (-10% HP) [a shining eye]
101683 | Slime:2  | Gained mutation: Your system is resistant to poisons. (rPois) [a shining eye]
101856 | Slime:2  | Gained mutation: You are occasionally teleported next to monsters. [a shining eye]
102267 | Slime:3  | Gained mutation: Armour fits poorly on your strangely shaped body. [a shining eye]
102584 | Slime:4  | Gained mutation: You do not regenerate when monsters are visible. [a shining eye]
102997 | Slime:5  | Entered Level 5 of the Pits of Slime
103187 | Slime:5  | Gained mutation: Potions are less effective at restoring your health. [a shining eye]
103193 | Slime:5  | Received a gift from Sif Muna
103194 | Slime:5  | Paralysed by a floating eye for 4 turns
103196 | Slime:5  | HP: 3/154 [azure jelly (8)]
103197 | Slime:5  | Mangled by an azure jelly

Vault maps used:
D:1:      sevenhm_arrival_forest_fort_large_3, hangedman_decor_lopped
D:2:      old_standard_altar, lemuel_zombie_altar_kikubaaqudgha, uniq_jessica
D:3:      serial_bayou_pond_d
D:4:      first_ration, minmay_guarded_unrand_vampires_tooth
D:5:      uniq_edmund, uniq_eustachio
D:6:      gammafunk_temple_overflow_wave, marbit_many_paths,
          minmay_temple_entry_glassed_door, serial_glass, glass_columns_a,
          glass_columns_a, glass_columns_a, glass_columns_b,
          gammafunk_ghost_split
D:7:      vehumet_statue, grunt_gozag_statues, uniq_menkaure
D:8:      gammafunk_ghost_arena, enter_bailey_2, blue_anna_alchemist
D:10:     erik_lair_island, uniq_grum
D:11:     grunt_ministairs_4, grunt_decor_mini_mirrors,
          minmay_gold_behind_fungi, hangedman_decor_opposing, uniq_fannar
D:12:     kennysheep_treasure_stockpile, hiddenorc2_lemuel
D:13:     grunt_vaults_entry_tiered, serial_shops, shop
D:14:     lemuel_flame_loot_2, serial_shops, nicolae_shop_stone, minivault_24,
          minmay_misc_feat_square
D:15:     hangedman_depths_entry_civil_slaughter, uniq_agnes
Temple:   eino_temple_rhombus
Lair:1:   portal_ice_cave_demonic_guard, grunt_megastairs_1, uniq_erica,
          uniq_nergalle
Lair:2:   minmay_swamp_entry_reptiles
Lair:3:   guppyfry_snake_entry_garden, st_stairs_8
Lair:5:   serial_bayou_ford_a, serial_bayou_shore_a
Lair:6:   hangedman_lair_caniforms_friends, hangedman_lair_in_review,
          slime_altar_1, lab_entry_generic, grunt_megastairs_4
Swamp:1:  serial_swamp_ruin, hangedman_swamp_ruin_hall,
          evilmike_swamp_ruin_house_3, evilmike_swamp_ruin_house_1,
          uniq_roxanne, uniq_donald
Swamp:2:  evilmike_swamp_ruin_rubble_2, infiniplex_staircase_pool
Swamp:3:  evilmike_swamp_ruin_house_5, swamp_pool2,
          nicolae_swamp_round_clearing, cheibrodos_swamp_pet_leeches
Swamp:4:  swamp_basic_johnstein
Snake:1:  minmay_shop_star, uniq_kirke
Snake:2:  uniq_nikola
Snake:3:  grunt_megastairs_2
Snake:4:  snake_pit_salamanders_mu, spider_trap, uniq_asterion
Slime:1:  nicolae_slime_barrier, cheibrodos_slime_lost_civilization_7
Slime:4:  nicolae_slime_round_cave
Orc:2:    st_orc_town
Elf:1:    minmay_elf_arrival_plus, minivault_28
Elf:2:    gammafunk_ghost_split
Vaults:1: vaults_room_grunt_arrival_ludios, nicolae_vaults_network_quincunx,
          v_misc_11, hangedman_vaults_pinch, vaults_dpeg_spiral,
          nicolae_vaults_big_ls, nicolae_vaults_theta, hangedman_vaults_trim,
          nicolae_vaults_little_squares_6
Vaults:2: blue_anna_dwarven_crypt, v_pattern_4, hangedman_vaults_slice,
          vaults_room_ringed_pool, vaults_room_grid,
          ontoclasm_vaults_ring_small, vaults_room_stairs_pillars,
          vaults_room_fours, vaults_room_stairs_pillars, serial_ice_h,
          serial_shops, shop, uniq_mennas
Vaults:3: ontoclasm_vaults_idyll, v_misc_22, v_misc_12, nicolae_vaults_octagons,
          hangedman_vaults_river_flow, nicolae_vaults_twisting_passages,
          v_misc_26, v_misc_16, v_misc_25, vaults_room_stairs_pillars,
          nicolae_vaults_ninety_degrees, ontoclasm_vaults_decontamination,
          hangedman_vaults_corner, serial_shops, nicolae_shop_trees,
          mu_enter_wizlab_3
Vaults:4: advil_vaults_ghost_lines, v_misc_11, v_misc_10,
          vaults_standard_mumra_lines, nicolae_vaults_little_squares_5,
          nicolae_vaults_circle_grid_a, ontoclasm_vaults_ring_square,
          ontoclasm_vaults_hangar, v_misc_32, nicolae_vaults_mini_display_case,
          v_pattern_3, grunt_vaults_diagonal, vaults_room_pool,
          ontoclasm_vaults_claustrophobia
Depths:1: lemuel_crystal_altar, lightli_too_deep, grunt_ministairs_2,
          serial_sigils_hangedman_shear, library_closet, corexii_hall_statues_s
Depths:2: minmay_connected_boxes_in_corner, rand_demon_pan_entry_4,
          cheibriados_altar_1, hell_entry, minmay_shoptagon, uniq_aizul
Depths:3: hangedman_screamer, grunt_pan_entry_sceptre, minmay_misc_feat_five,
          hangedman_geh_valley, minmay_shop_grove,
          infiniplex_staircase_pillars_1, uniq_boris
Depths:4: grunt_runaround, abyss_entry, hell_entry
Depths:5: evilmike_zot_entry_gauntlet, hell_entry, serial_shops, shop,
          nicolae_two_hexagons, uniq_frederick

Skill      XL: |  1  2  3  4  5  6  7  8  9 10 11 12 13 14 15 16 17 18 19 20 21 22 23 24 |
---------------+-------------------------------------------------------------------------+-----
Conjurations   | 2 3 4 5 7 9 10 11 12 13 14 15 16 17 18 19 21 23 | 23.6
Spellcasting   | 4 5 6 8 9 10 11 12 13 14 15 16 18 19 | 19.6
Fire Magic     | 4 5 6 7 8 9 10 11 12 13 15 16 17 18 20 22 | 22.3
Fighting       | 4 5 7 9 10 11 12 13 14 15 16 | 16.4
Dodging        | 5 6 8 9 11 12 13 15 16 17 18 19 | 19.7
Summonings     | 6 7 |  7.2
Hexes          | 3 |  3.0
Shields        | 3 4 |  4.0
Armour         | 3 4 |  4.0
Necromancy     | 2 |  2.5
Transmutations | 2 |  2.3
Stealth        | |  2.4

Action                   |  1- 3 |  4- 6 |  7- 9 | 10-12 | 13-15 | 16-18 | 19-21 | 22-24 || total
-------------------------+-------+-------+-------+-------+-------+-------+-------+-------++-------
Melee: Dagger            |       |     1 |       |       |       |       |       |       ||     1
       Staff             |       |       |       |    13 |     4 |       |     8 |       ||    25
Throw: Stone             |     2 |     2 |       |     1 |     8 |       |       |       ||    13
 Cast: Flame Tongue      |    43 |    87 |    99 |     8 |    17 |       |       |       ||   254
       Throw Flame       |    14 |    36 |    64 |    91 |   107 |    80 |    11 |    13 ||   416
       Conjure Flame     |       |     3 |    22 |     9 |    25 |       |       |       ||    59
       Sticky Flame      |       |       |     2 |    15 |    70 |     1 |       |       ||    88
       Fireball          |       |       |    43 |   211 |   489 |   539 |   434 |   127 ||  1843
       Sting             |       |       |     3 |     4 |       |       |       |       ||     7
       Throw Icicle      |       |       |       |       |    57 |     1 |       |       ||    58
       Orb of Destructio |       |       |       |       |    42 |   181 |   232 |   170 ||   625
       Bolt of Fire      |       |       |       |       |       |    89 |   161 |    80 ||   330
       Bolt of Magma     |       |       |       |       |       |    23 |       |       ||    23
       Summon Lightning  |       |       |       |       |       |    32 |     5 |     2 ||    39
       Fire Storm        |       |       |       |       |       |       |     1 |    47 ||    48
       Poison Arrow      |       |       |       |       |       |       |     6 |   308 ||   314
       Shadow Creatures  |       |       |       |       |       |       |     3 |       ||     3
       Summon Mana Viper |       |       |       |       |       |       |     1 |       ||     1
Invok: Divine Energy     |       |       |     1 |       |       |       |       |       ||     1
Evoke: Wand              |       |     3 |     6 |     8 |     1 |     2 |     9 |     7 ||    36
  Use: Scroll            |     1 |     5 |     7 |     5 |    12 |    20 |    11 |    13 ||    74
       Potion            |       |       |       |     3 |     2 |     2 |    11 |     1 ||    19
  Eat: Chunk             |     2 |     6 |     3 |    21 |    30 |    32 |    53 |    35 ||   182
       Ration            |       |     1 |     7 |     9 |    18 |    24 |    11 |    15 ||    85
Armor: Robe              |       |     7 |       |    16 |    41 |     5 |       |       ||    69
       Leather armour    |       |       |       |       |       |    41 |    42 |    54 ||   137
Dodge: Dodged            |     9 |    23 |    11 |    46 |   179 |   189 |   259 |   196 ||   912
Block: Buckler           |       |       |       |     2 |    44 |    65 |    85 |    49 ||   245
       Reflection        |       |       |       |       |    13 |    19 |    36 |     5 ||    73

Table legend:
 A = Spawn XP
 B = Non-spawn XP
 C = Spawn XP percentage of total XP
 D = Spawn monster count
 E = Non-spawn monster count
 F = Spawn count percentage of total count
 G = Total turns spent on level
                    A         B        C        D         E        F      G
               +---------+---------+-------+---------+---------+-------+---------
         Total |       0 | 1065874 |   0.0 |       0 |    2066 |   0.0 | 103197
               +---------+---------+-------+---------+---------+-------+---------
           D:1 |       0 |      47 |   0.0 |       0 |      26 |   0.0 |  1244
           D:2 |       0 |      87 |   0.0 |       0 |      20 |   0.0 |  1094
           D:3 |       0 |      43 |   0.0 |       0 |      24 |   0.0 |   845
           D:4 |       0 |     473 |   0.0 |       0 |      18 |   0.0 |  1224
           D:5 |       0 |     873 |   0.0 |       0 |      19 |   0.0 |  1348
           D:6 |       0 |     517 |   0.0 |       0 |      13 |   0.0 |  1431
           D:7 |       0 |     744 |   0.0 |       0 |      20 |   0.0 |  1297
           D:8 |       0 |    2312 |   0.0 |       0 |      17 |   0.0 |  1430
           D:9 |       0 |    1231 |   0.0 |       0 |      13 |   0.0 |   853
          D:10 |       0 |    3428 |   0.0 |       0 |      46 |   0.0 |  2124
          D:11 |       0 |    7965 |   0.0 |       0 |      42 |   0.0 |  2228
          D:12 |       0 |   22606 |   0.0 |       0 |     117 |   0.0 |  4496
          D:13 |       0 |   16362 |   0.0 |       0 |      54 |   0.0 |  2783
          D:14 |       0 |    6098 |   0.0 |       0 |      17 |   0.0 |  2492
          D:15 |       0 |   43510 |   0.0 |       0 |      82 |   0.0 |  4737
        Lair:1 |       0 |    9881 |   0.0 |       0 |      32 |   0.0 |  2096
        Lair:2 |       0 |    3671 |   0.0 |       0 |      14 |   0.0 |  1723
        Lair:3 |       0 |    8983 |   0.0 |       0 |      21 |   0.0 |  1576
        Lair:4 |       0 |    3227 |   0.0 |       0 |      15 |   0.0 |  1378
        Lair:5 |       0 |    6546 |   0.0 |       0 |      21 |   0.0 |  2137
        Lair:6 |       0 |   40205 |   0.0 |       0 |     134 |   0.0 |  5860
       Swamp:1 |       0 |   12941 |   0.0 |       0 |      27 |   0.0 |  1660
       Swamp:2 |       0 |   13001 |   0.0 |       0 |      33 |   0.0 |  1857
       Swamp:3 |       0 |   11520 |   0.0 |       0 |      36 |   0.0 |  1874
       Swamp:4 |       0 |   35153 |   0.0 |       0 |      69 |   0.0 |  1600
       Snake:1 |       0 |    7090 |   0.0 |       0 |      13 |   0.0 |  2310
       Snake:2 |       0 |   25068 |   0.0 |       0 |      40 |   0.0 |  2263
       Snake:3 |       0 |   24510 |   0.0 |       0 |      45 |   0.0 |  2197
       Snake:4 |       0 |   68952 |   0.0 |       0 |     110 |   0.0 |  5085
       Slime:1 |       0 |   29088 |   0.0 |       0 |      33 |   0.0 |  1143
       Slime:2 |       0 |    8388 |   0.0 |       0 |      10 |   0.0 |   257
       Slime:3 |       0 |   11719 |   0.0 |       0 |      31 |   0.0 |   501
       Slime:4 |       0 |   19248 |   0.0 |       0 |      26 |   0.0 |   431
       Slime:5 |       0 |    6193 |   0.0 |       0 |       9 |   0.0 |    34
         Orc:1 |       0 |    1598 |   0.0 |       0 |      15 |   0.0 |   801
         Orc:2 |       0 |   15047 |   0.0 |       0 |      89 |   0.0 |  2761
         Elf:1 |       0 |   23011 |   0.0 |       0 |      38 |   0.0 |  1315
         Elf:2 |       0 |   33512 |   0.0 |       0 |      49 |   0.0 |  1678
      Vaults:1 |       0 |   53098 |   0.0 |       0 |      95 |   0.0 |  3996
      Vaults:2 |       0 |   39823 |   0.0 |       0 |      59 |   0.0 |  2564
      Vaults:3 |       0 |   48154 |   0.0 |       0 |      68 |   0.0 |  3903
      Vaults:4 |       0 |   48836 |   0.0 |       0 |      77 |   0.0 |  3234
      Depths:1 |       0 |   23055 |   0.0 |       0 |      32 |   0.0 |  1958
      Depths:2 |       0 |   64560 |   0.0 |       0 |      67 |   0.0 |  2942
      Depths:3 |       0 |   63208 |   0.0 |       0 |      80 |   0.0 |  4831
      Depths:4 |       0 |  149646 |   0.0 |       0 |     111 |   0.0 |  5715
      Depths:5 |       0 |   50646 |   0.0 |       0 |      39 |   0.0 |  1741
               +---------+---------+-------+---------+---------+-------+---------
